 Dungeon Crawl Stone Soup version 0.30-a0-782-ge64f9170bb (webtiles) character file.

Game seed: 2665442716084671098

256 Leeroy the Changer (level 6, -3/42 HPs)
             Began as an Octopode Transmuter on Feb 22, 2023.
             Killed from afar by an orc wizard (6 damage)
             ... with a magic dart
             ... on level 4 of the Dungeon.
             The game lasted 00:05:01 (3280 turns).

Leeroy the Changer (Octopode Transmuter)            Turns: 3280, Time: 00:05:02

Health: -3/42      AC:  2    Str: 12    XL:     6   Next: 15%
Magic:  5/9        EV: 19    Int: 15    God:
Gold:   150        SH:  0    Dex: 17    Spells: 5/9 levels left

rFire   . . .      SeeInvis .      - Unarmed
rCold   . . .      Faith    .    (shield currently unavailable)
rNeg    . . .      Spirit   .    (helmet currently unavailable)
rPois   x          Reflect  .    (no amulet)
rElec   .          Harm     .    (no ring)
rCorr   .          Rampage  .    (no ring)
Will    .....                    (no ring)
Stlth   +                        (no ring)
HPRegen 0.27/turn                (no ring)
MPRegen 0.11/turn                (no ring)
                                 (no ring)
                                 (no ring)

@: confused, spider-form
A: venomous fangs, almost no armour, (amphibious), 8 rings, tiny, (camouflage
1), (gelatinous body 1), (nimble swimmer 1), (tentacles)
a: End Transformation


You were on level 4 of the Dungeon.
You were a venomous arachnid creature.
You visited 1 branch of the dungeon, and saw 4 of its levels.

You collected 150 gold pieces.

Inventory:

Hand Weapons
 l - a +0 dagger of venom
Missiles
 i - 6 poisoned darts
Armour
 g - the +2 cloak of Eblahe {rN+ Slay+2}
   (You found it on level 2 of the Dungeon)

   Slay:      It affects your accuracy & damage with ranged weapons and melee
   (+2).
   rN:        It protects you from negative energy.
 p - an orb of mayhem
Scrolls
 c - 2 scrolls of teleportation {unknown}
 d - 2 scrolls of identify {unknown}
 e - a scroll of magic mapping {unknown}
 h - a scroll of amnesia {unknown}
 j - a scroll of fog {unknown}
 k - a scroll of vulnerability {unknown}
 n - a scroll of silence {unknown}
 o - a scroll of enchant armour {unknown}
 r - 2 scrolls of butterflies {unknown}
Potions
 b - a potion of heal wounds {unknown}
 f - 2 potions of curing {unknown}
 m - 2 potions of invisibility {unknown}
 q - a potion of mutation {unknown}


   Skills:
 - Level 3.0 Fighting
 - Level 2.0 Dodging
 - Level 3.0 Unarmed Combat
 - Level 2.0 Spellcasting
 + Level 5.4 Transmutations


You had 5 spell levels left.
You knew the following spells:

 Your Spells              Type           Power      Damage    Failure   Level
a - Beastly Appendage     Tmut           34%        N/A       9%          1
b - Spider Form           Tmut/Pois      9%         N/A       43%         3

Your spell library contained the following spells:

 Spells                   Type           Power      Damage    Failure   Level
 Wereblood                Tmut           17%        N/A       12%         2
 Passwall                 Tmut/Erth      7%         N/A       26%         2
 Sandblast                Erth           2%         2d4       43%         1
 Inner Flame              Hex/Fire       1%         N/A       75%         3
 Stone Arrow              Conj/Erth      2%         3d7       75%         3
 Ice Form                 Ice/Tmut       9%         N/A       78%         4
 Flame Wave               Conj/Fire      1%         2d4       98%         4
 Sticky Flame             Conj/Fire      1%         2d3       98%         4
 Summon Lightning Spire   Summ/Air       1%         N/A       98%         4
 Iskenderun's Battlesphe  Conj           1%         2d6       100%        5
 Iron Shot                Conj/Erth      0%         9d1       100%        6
 Spellforged Servitor     Conj/Summ      0%         N/A       100%        7
 Storm Form               Tmut/Air       4%         N/A       100%        7
 Maxwell's Capacitive Co  Air            0%         ∞         100%        8


Dungeon Overview and Level Annotations

Branches:
Dungeon (4/15)
 Temple: D:4-7

Altars:
Fedhas
Gozag
Uskayaw

Shops:
D:1 ?


Innate Abilities, Weirdness & Mutations

You are a venomous arachnid creature.
You have venomous fangs.
You are tiny and dextrous.
Your spellcasting is less reliable in this form.
Your armour is entirely melded.
You are incapable of wielding weapons or throwing items.
You cannot wear most types of armour.
((You are amphibious.))
You can wear up to eight rings at the same time.
((Your skin changes colour to match your surroundings (Stealth+).))
((Your rubbery body absorbs attacks. (AC +1, EV +1)))
((You are camouflaged when in or above water. (Stealth+)))
((You have tentacles for arms and can constrict up to eight enemies at once.))


Message History

You hear some strange, mumbled words.
A magic dart appears from out of thin air!
The magic dart hits you!
The orc priest looks satisfied for a moment.
Something hits you.
You feel less confused. The orc priest misses you.
You completely miss the orc priest.
The orc priest is almost dead.
Something barely misses you. The orc priest hits you with a +0 mace.
You barely miss the orc priest.
The orc priest is almost dead.
You kill the orc priest!
You barely miss something.
Your transformation has ended.
Something hits you.
Found a gnarled runed staff.
You tentacle-slap something. Your squeeze misses something. Something hits you.
You closely miss something. Your squeeze misses something. Something hits you.
You tentacle-slap something. Something hits you.
You tentacle-slap something.
You hear some strange, mumbled words.
Something tries to affect you, but you resist.
You miss something. Something hits you.
You miss something. Your squeeze misses something. Something hits you.
* * * LOW HITPOINT WARNING * * *
Casting: Spider Form (quite dangerous; 22% risk of failure)
Confirm with . or Enter, or press ? or * to list all spells.
The spell is quite dangerous to miscast (22% risk of failure)!
Continue anyway?
You turn into a venomous arachnid creature.
You hear some strange, mumbled words.
You are confused.
You closely miss something.
You hear some strange, mumbled words.
A puff of flame appears from out of thin air!
The puff of flame hits you!
* * * LOW HITPOINT WARNING * * *
A magic dart appears from out of thin air!
The magic dart hits you.
You die...

#.. ..####
#....##
####.....##
..........#
§≈........#
.§._......#
§§.....s.##
|§≈≈§...<.#
......${..#
..........#
####.....##
####....##
......#.#
......#.#
........#


There were no monsters in sight!

Vanquished Creatures
  2 orc priests
  2 orc wizards (D:3)
  3 gnolls
  4 adders
  A worm (D:2)
  A dart slug (D:1)
  6 orcs (D:3)
  6 endoplasms
  3 giant cockroaches
  9 goblins
  6 hobgoblins
  4 kobolds
  6 quokkas
  4 ball pythons
  8 bats
  4 frilled lizards
  2 rats
71 creatures vanquished.

Vanquished Creatures (others)
  6 demonic plants (D:1)
  4 fungi (D:1)
  A plant (D:1)
  4 withered plants (D:1)
15 creatures vanquished.

Grand Total: 86 creatures vanquished

Notes
Turn   | Place    | Note
-------+----------+-------------------------------------------
     0 | D:1      | Leeroy the Octopode Transmuter began the quest for the Orb.
     0 | D:1      | Reached XP level 1. HP: 13/13 MP: 3/3
    31 | D:1      | Found Qariolaj's Magic Scroll Shop.
    79 | D:1      | Reached XP level 2. HP: 1/18 MP: 5/5
   190 | D:1      | Reached skill level 3 in Transmutations
   344 | D:1      | Reached XP level 3. HP: 23/23 MP: 6/6
   350 | D:1      | Found a faded altar of an unknown god.
   900 | D:2      | Identified the +2 cloak of Eblahe {rN+ Slay+2}
   962 | D:2      | Reached skill level 4 in Transmutations
   977 | D:2      | Reached XP level 4. HP: 15/28 MP: 7/7
  1074 | D:2      | Noticed a necrophage
  1426 | D:2      | Learned a level 3 spell: Spider Form
  1688 | D:3      | Found an opulent altar of Gozag.
  2059 | D:3      | Reached XP level 5. HP: 36/36 MP: 8/8
  2837 | D:4      | Found a blossoming altar of Fedhas.
  2840 | D:4      | Noticed an ogre
  2880 | D:4      | Found a hide-covered altar of Uskayaw.
  2888 | D:3      | HP: 1/54 [orc/+1 heavy falchion (7)]
  2890 | D:3      | Reached skill level 5 in Transmutations
  2890 | D:3      | Reached XP level 6. HP: 1/42 MP: 9/9
  3280 | D:4      | Killed from afar by an orc wizard

Illustrated notes

Levels and vault maps discovered:
D:1:      dpeg_arrival_arbitrary_c, layout_loops_ring,
          shapermc_ecumenical_altar_gd, serial_shops,
          nicolae_shop_advertising_works [nicolae_subvault_shop_adworks]
D:2:      layout_basic
D:3:      layout_loops_ring, mainiacjoe_overflow_catwalk, serial_aquarium,
          aquarium_bridge_square [aquarium_subvault_bridge,
          aquarium_subvault_balcony, aquarium_subvault_bridge,
          aquarium_subvault_bridge], aquarium_bridge_straight
          [aquarium_subvault_bridge, aquarium_subvault_window,
          aquarium_subvault_bridge, aquarium_subvault_window],
          aquarium_window_1, aquarium_window_2, aquarium_window_corner,
          aquarium_window_fake, aquarium_view_2a, aquarium_view_2g,
          aquarium_balcony_3a, minmay_fractal_squares_5
D:4:      layout_rooms, mainiacjoe_overflow_alcove_1,
          mainiacjoe_overflow_boulevard, mainiacjoe_overflow_chevrons,
          elyvilon_altar_1, nemelex_dance_club_becter,
          minmay_temple_entry_statues_pillars

Skill      XL: |  1  2  3  4  5 |
---------------+----------------+-----
Transmutations | 3 4 5 |  5.4
Fighting       | 3 |  3.0
Dodging        | |  2.0
Unarmed Combat | |  3.0
Spellcasting   | |  2.0

Action                     |  1- 3 |  4- 6 || total
---------------------------+-------+-------++-------
  Melee: Unarmed           |    73 |   108 ||   181
         Constrict         |    16 |    31 ||    47
         Tentacles         |    11 |    24 ||    35
         Punch             |     4 |     8 ||    12
   Cast: Beastly Appendage |       |     3 ||     3
         Spider Form       |       |     2 ||     2
    Use: Potion            |       |     1 ||     1
   Stab: Sleeping          |     3 |     8 ||    11
         Distracted        |     1 |       ||     1
 Armour: Skin              |     4 |    13 ||    17
  Dodge: Dodged            |    44 |    68 ||   112

Table legend: (Time is in decaauts)
 A = Elapsed time spent in this place.
 B = Non-inter-level travel time spent in this place.
 C = Inter-level travel time spent in this place.
 D = Time resting spent in this place.
 E = Time spent auto-exploring this place.
 F = Levels seen in this place.
 G = Mean time per level.
                   A        B        C        D        E       F      G
               +--------+--------+--------+--------+--------+-----+--------+
         Total |   3273 |   3170 |    103 |    461 |   2132 |   4 |  818.2 |
       Dungeon |   3273 |   3170 |    103 |    461 |   2132 |   4 |  818.2 |
               +--------+--------+--------+--------+--------+-----+--------+

Top non-repeatable levels by time:
     D:3: 1520 daAuts
     D:2: 909 daAuts
     D:1: 784 daAuts
     D:4: 59 daAuts
